 Dungeon Crawl Stone Soup version 0.28.0-53-g5a82cb258f (webtiles) character file.

Game seed: 6229080014430637283

4 Zeld the Chiller (level 1, -1/10 HPs)
             Began as a Gargoyle Ice Elementalist on May 31, 2022.
             Slain by a quokka (2 damage)
             ... on level 1 of the Dungeon.
             The game lasted 00:01:07 (182 turns).

Zeld the Chiller (Gargoyle Ice Elementalist)         Turns: 182, Time: 00:01:07

Health: -1/10      AC:  4    Str: 11    XL:     1   Next: 70%
Magic:  0/3        EV: 11    Int: 15    God:
Gold:   0          SH:  0    Dex: 10    Spells: 3/4 levels left

rFire   . . .      SeeInvis .   (no weapon)
rCold   . . .      Faith    .   (no shield)
rNeg    + . .      Spirit   .   a - +0 robe
rPois   ∞          Reflect  .   (no helmet)
rElec   +          Harm     .   (no cloak)
rCorr   .          Rampage  .   (no gloves)
Will    .....                   (no boots)
Stlth   ++........              (no amulet)
HPRegen 0.03/turn               (no ring)
MPRegen 0.08/turn               (no ring)

@: very slightly contaminated
A: sickness immunity, AC +2, negative energy resistance 1, electricity
resistance, torment resistance 1, petrification resistance
a: no special abilities


You were on level 1 of the Dungeon.
You visited 1 branch of the dungeon, and saw 2 of its levels.

Inventory:

Armour
 a - a +0 robe (worn)
Scrolls
 b - 3 scrolls of identify {unknown}
Potions
 c - a potion of heal wounds {unknown}


   Skills:
 - Level 1.5 Dodging
 + Level 2.3 Stealth
 * Level 2.1 Spellcasting
 * Level 4.1 Ice Magic


You had 3 spell levels left.
You knew the following spells:

 Your Spells              Type           Power      Damage    Failure   Level
a - Freeze                Ice            52%        1d7       4%          1

Your spell library contained the following spells:

 Spells                   Type           Power      Damage    Failure   Level
 Frozen Ramparts          Ice            26%        1d4       12%         3
 Ozocubu's Armour         Ice            13%        N/A       12%         3
 Hailstorm                Conj/Ice       7%         3d4       67%         4


Dungeon Overview and Level Annotations

Branches:
Dungeon (2/15)

Altars:

Annotations:
D:2 Robin


Innate Abilities, Weirdness & Mutations

You are immune to sickness and miasma.
Your stone body is resilient. (AC +2)
You are immune to poison.
You resist negative energy. (rN+)
You are resistant to electric shocks. (rElec)
You are resistant to unholy torment.
You are immune to petrification.


Message History

Aiming: Freeze (safe; 4% risk of failure)
Press: ? - help, Shift-Dir - straight line, f - jackal
Aim: a jackal You miscast Freeze.
You are very lightly contaminated with residual magic.
Nothing appears to happen.
The jackal bites you but does no damage.
Robin of the Strong Arm comes into view.
They are wielding a +0 spear.
The jackal bites you but does no damage.
The quokka twitches its whiskers.
The quokka bites you but does no damage.
The jackal bites you but does no damage.
You climb upwards.
The jackal misses you.
The jackal bites you but does no damage.
There is a stone staircase leading down here.
Casting: Freeze (safe; 4% risk of failure)
Confirm with . or Enter, or press ? or * to list all spells.
Aiming: Freeze (safe; 4% risk of failure)
Press: ? - help, Shift-Dir - straight line, f - jackal
Aim: a jackal You freeze the jackal.
The jackal is heavily wounded.
The goblin hits you but does no damage. The jackal closely misses you.
The quokka misses you.
The jackal bites you but does no damage.
Unknown command.
You hit the jackal but do no damage.
The jackal is heavily wounded.
The jackal bites you but does no damage.
The goblin hits you with a +0 dagger. The jackal bites you.
* * * LOW HITPOINT WARNING * * *
The quokka misses you.
The jackal bites you but does no damage.
You hit the jackal.
The jackal is severely wounded.
The jackal bites you but does no damage.
The goblin hits you with a +0 dagger.
* * * LOW HITPOINT WARNING * * *
The quokka bites you.
You die...

.#+#..#.# #..#.##.......#
.#_#..'.######.#.##.......#
.###†.#...........†J.....#
......#.#######..######..#
......#.# #..# #######.#
##.# ........# #.#
###.############g#######
#...........Jh@h......
#########.####r####### #.#
#.# #.# #.# #J####.#
#......# ########


You could see an endoplasm, a quokka, 2 jackals and a goblin.

Vanquished Creatures
  A ball python (D:1)
  2 jackals (D:1)
  A rat (D:1)
4 creatures vanquished.

Notes
Turn   | Place    | Note
-------+----------+-------------------------------------------
     0 | D:1      | Zeld the Gargoyle Ice Elementalist began the quest for the
                  | Orb.
     0 | D:1      | Reached XP level 1. HP: 10/10 MP: 3/3
    43 | D:1      | Found a faded altar of an unknown god.
   177 | D:2      | Noticed Robin
   182 | D:1      | Slain by a quokka

Illustrated notes

Levels and vault maps discovered:
D:1:      dpeg_arrival_orchard, layout_basic,
          hellmonk_ecumenical_altar_inner_sanctum, nicolae_figureground_pulse
D:2:      layout_loops_cross, basic_altar, serial_co_window_serial,
          co_window_of_opportunity_a, co_window_paths_b,
          co_window_of_opportunity_a, co_window_paths_a, co_window_paths_a,
          co_window_paths_c, co_window_corner_ca, co_window_broadway_b,
          co_window_sun, co_window_4corner_b, glass_columns_a, glass_columns_c,
          glass_columns_c, glass_columns_b, uniq_robin

Action                   || total
-------------------------++-------
Melee: Unarmed           ||     2
 Cast: Freeze            ||     7
Armor: Robe              ||    15
Dodge: Dodged            ||     8
